 Dungeon Crawl Stone Soup version 0.25-a0-292-gaa31f046c4 (webtiles) character file.

Game seed: 11076132193431779634, levelgen mode: deterministic

2874 Luthien the Thaumaturge (level 9, -3/48 HPs)
             Began as a Deep Elf Conjurer on Dec 15, 2019.
             Was a Follower of Vehumet.
             Slain by a wight
             ... wielding a cursed +0 great sword
              (6 damage)
             ... on level 8 of the Dungeon.
             The game lasted 00:33:00 (9390 turns).

Luthien the Thaumaturge (Deep Elf Conjurer)         Turns: 9390, Time: 00:33:01

Health: -3/48      AC:  4    Str:  5    XL:     9   Next: 47%
Magic:  25/25      EV: 13    Int: 24    God:    Vehumet [*.....]
Gold:   353        SH:  0    Dex: 15    Spells: 17/28 levels left

rFire    + . .     SeeInvis .   n - +1 dagger (venom)
rCold    + . .     Gourm    .   (no shield)
rNeg     . . .     Faith    .   r - +0 robe
rPois    .         Spirit   .   (no helmet)
rElec    .         Reflect  .   y - scarf {rC+ rF+}
rCorr    .         Harm     .   (no gloves)
MR       .....                  (no boots)
Stlth    ++........             (no amulet)
HPRegen  0.16/turn              v - +2 ring of protection
MPRegen  0.19/turn              (no ring)

@: lethally poisoned (-3 -> -9), slowed, lightly drained, very slow
A: no striking features
a: Renounce Religion


You were on level 8 of the Dungeon.
You worshipped Vehumet.
Vehumet was aware of your devotion.
You were hungry.

You visited 2 branches of the dungeon, and saw 9 of its levels.

You collected 353 gold pieces.

Inventory:

Hand Weapons
 e - a +0 dagger
 n - a +1 dagger of venom (weapon)
 F - a +4 mace of holy wrath
Missiles
 b - 45 poisoned darts (quivered)
 l - 98 sling bullets
 m - 57 bolts
 x - 44 arrows
Armour
 a - a +0 robe
 r - a +0 robe (worn)
 y - a scarf of resistance (worn)
 C - a +0 cloak
Jewellery
 v - a +2 ring of protection (left hand)
Scrolls
 h - 4 scrolls of magic mapping {unknown}
 i - 3 scrolls of fog {unknown}
 j - 4 scrolls of remove curse
 k - 3 scrolls of identify
 o - 3 scrolls of amnesia {unknown}
 p - a scroll of random uselessness {unknown}
 q - a scroll of enchant armour {unknown}
 w - 2 scrolls of teleportation {unknown}
 G - a scroll of fear {unknown}
Potions
 d - a potion of flight
 f - 2 potions of heal wounds
 g - 7 potions of brilliance
 s - a potion of resistance
 t - 5 potions of curing
 u - a potion of agility
 z - a potion of might
 A - 2 potions of lignification
 B - 2 potions of haste
 D - a potion of mutation
Comestibles
 c - 12 rations


   Skills:
 + Level 1.9(1.6) Fighting
 - Level 3.0(2.7) Dodging
 - Level 3.1(2.8) Stealth
 + Level 10.3(9.9) Spellcasting
 + Level 9.4(9.1) Conjurations
 + Level 6.1(5.8) Hexes
 - Level 5.0(4.7) Translocations


You had 17 spell levels left.
You knew the following spells:

 Your Spells              Type           Power        Failure   Level  Hunger
a - Magic Dart            Conj           ####         1%          1    None
b - Searing Ray           Conj           ######       1%          2    None
A - Fulminant Prism       Conj/Hex       #####.....   2%          4    #......
B - Iskenderun's Mystic   Conj/Tloc      #####...     3%          4    #......

Your spell library contained the following spells:

 Spells                   Type           Power        Failure   Level  Hunger
 Shock                    Conj/Air       ####         1%          1    None
 Dazzling Flash           Conj/Hex       #####.       1%          3    None


Dungeon Overview and Level Annotations

Branches:
Dungeon (8/15)             Temple (1/1) D:7
   Lair: D:8-11

Altars:
Ashenzari
Cheibriados
Dithmenos
Elyvilon
Fedhas
Hepliaklqana
Nemelex Xobeh
Okawaru
Sif Muna
Vehumet
Wu Jian
Xom
Yredelemnul
Zin
The Shining One

Shops:
D:6 %**[(

Annotations:
D:5 2 transporters
D:6 fly water
D:8 Gastronok


Message History

A water moccasin and 4 wights come into view.
The wight hits you with a +0 battleaxe!
The wight hits you with a cursed +0 short sword.
The water moccasin misses you. The wight hits you but does no damage.
The wight hits you with a +0 battleaxe! The water moccasin bites you.
A wight comes into view. It is wielding a +0 short sword.
There is a stone staircase leading up, spattered with blood here.
The water moccasin barely misses you.
The wight hits you with a cursed +0 great sword!
The wight barely misses you. x2; The wight hits you with a +0 battleaxe!
* * * LOW HITPOINT WARNING * * *
You feel drained. The water moccasin bites you.
* * * LOW HITPOINT WARNING * * *
You are poisoned.
The water moccasin poisons you!
The wight hits you from afar with a +0 trident.
* * * LOW HITPOINT WARNING * * *
The wight closely misses you.
The wight hits you with a cursed +0 great sword.
You die...

## #. ###z###
#..z..#
#..z@.#
#...zS...#
#......#.....
#<.....# .###
#.##.### # #z
#. . #. # ##


You could see a water moccasin and 5 wights.

Vanquished Creatures
  A hungry ghost (D:7)
  Duvessa (D:4)
  2 black bears
  4 orc warriors
  An ice beast (D:6)
  2 ogres (D:6)
  2 sky beasts
  A centaur (D:6)
  Blork the orc (D:4)
  2 bullfrogs (D:6)
  A gnoll sergeant (D:7)
  Dowan (D:4)
  3 howler monkeys
  A crimson imp (D:7)
  2 quasits (D:7)
  2 centaur zombies
  4 hounds
  A bullfrog skeleton (D:4)
  4 orc priests
  Jessica (D:3)
  An iguana (D:4)
  10 orc wizards
  3 worker ants
  A killer bee zombie (D:7)
  A worker ant zombie (D:6)
  10 adders
  3 gnolls (D:7)
  2 oozes
  2 adder skeletons
  3 worms
  4 dart slugs
  4 leopard geckos
  34 orcs
  10 giant cockroaches
  9 goblins
  7 hobgoblins
  5 jackals (D:4)
  11 kobolds
  5 quokkas
  A ball python (D:4)
  5 bats
  4 frilled lizards
  A leopard gecko skeleton (D:4)
  2 quokka skeletons
  13 rats
188 creatures vanquished.

Vanquished Creatures (others)
  43 fulminant prisms
43 creatures vanquished.

Grand Total: 231 creatures vanquished

Notes
Turn   | Place    | Note
-------+----------+-------------------------------------------
     0 | D:1      | Luthien the Deep Elf Conjurer began the quest for the Orb.
     0 | D:1      | Reached XP level 1. HP: 10/10 MP: 6/6
   148 | D:1      | Reached XP level 2. HP: 15/15 MP: 2/8
   628 | D:1      | Reached XP level 3. HP: 19/19 MP: 1/10
  1229 | D:1      | Learned a level 2 spell: Searing Ray
  1460 | D:2      | Found a snail-covered altar of Cheibriados.
  1479 | D:2      | Reached skill level 4 in Spellcasting
  1479 | D:2      | Reached skill level 5 in Conjurations
  1980 | D:2      | Reached XP level 4. HP: 24/24 MP: 7/12
  2714 | D:3      | Reached skill level 5 in Spellcasting
  2854 | D:3      | Reached XP level 5. HP: 28/28 MP: 8/14
  3084 | D:3      | Found a shimmering blue altar of Sif Muna.
  3200 | D:3      | Noticed Jessica
  3404 | D:3      | Killed Jessica
  3494 | D:3      | Reached skill level 6 in Spellcasting
  3497 | D:3      | Reached XP level 6. HP: 32/32 MP: 7/17
  3760 | D:4      | Noticed a sky beast
  3765 | D:4      | Killed a sky beast
  3880 | D:4      | Noticed Duvessa
  4015 | D:4      | Reached skill level 7 in Spellcasting
  4285 | D:4      | Noticed Blork the orc
  4292 | D:4      | Learned a level 4 spell: Fulminant Prism
  4294 | D:4      | Reached XP level 7. HP: 36/36 MP: 14/19
  4297 | D:4      | Killed Blork the orc
  4348 | D:4      | Learned a level 4 spell: Iskenderun's Mystic Blast
  4638 | D:4      | Noticed Dowan
  4937 | D:4      | Killed Duvessa
  5333 | D:4      | Killed Dowan
  5333 | D:4      | Reached skill level 8 in Spellcasting
  5456 | D:5      | Entered Level 5 of the Dungeon
  5512 | D:5      | Found a basalt altar of Yredelemnul.
  5643 | D:5      | Found a transporter.
  5657 | D:5      | Found a transporter.
  5805 | D:5      | Found an iron altar of Okawaru.
  6067 | D:6      | Found Nich's Antique Armour Emporium.
  6102 | D:6      | Reached skill level 1 in Hexes
  6102 | D:6      | Reached skill level 1 in Translocations
  6232 | D:6      | Reached XP level 8. HP: 41/41 MP: 15/22
  6256 | D:6      | HP: 1/41 [ice beast (11)]
  6625 | D:6      | Found Qutatugg's General Store.
  6680 | D:6      | Found a shadowy altar of Dithmenos.
  6705 | D:6      | Found Uhosch Ynoci's Assorted Antiques.
  6708 | D:6      | Found Zanyem's Food Shoppe.
  6795 | D:6      | Found a white marble altar of Elyvilon.
  6822 | D:6      | Reached skill level 9 in Spellcasting
  7419 | D:6      | Found Geonlaiw's Antique Weapon Shoppe.
  7864 | D:7      | Reached XP level 9. HP: 45/45 MP: 17/24
  7869 | D:7      | Reached skill level 5 in Hexes
  8190 | D:7      | Found a staircase to the Ecumenical Temple.
  8246 | Temple   | Entered the Ecumenical Temple
  8265 | Temple   | Became a worshipper of Vehumet
  8347 | D:7      | Reached skill level 1 in Fighting
  8434 | D:7      | Reached skill level 10 in Spellcasting
  8790 | D:7      | Found a shimmering altar of Xom.
  8960 | D:8      | Reached * piety under Vehumet
  8960 | D:8      | Offered knowledge of Shock by Vehumet.
  8975 | D:8      | Noticed Gastronok
  9109 | D:7      | Reached skill level 5 in Translocations
  9390 | D:8      | Slain by a wight

Levels and vault maps discovered:
D:1:      lemuel_arrival_river_ford, layout_basic, minmay_misc_feat_tower,
          chequers_jeans
D:2:      layout_basic, cheibriados_altar_1
D:3:      layout_loops_ring, first_ration, led_sif_book, uniq_jessica
D:4:      layout_loops_ring, uniq_duvessa, uniq_blork_the_orc
D:5:      gammafunk_steamed_eel, layout_basic, lemuel_crystal_altar,
          yredelemnul_altar_generic, chequers_decorated_corner
D:6:      minmay_razor_zed, layout_basic, elyvilon_altar_3,
          nicolae_overflow_crystal_walls, serial_shops, shop,
          nicolae_shop_waterfront, shop, nicolae_shop_statue_plus, shop,
          water_boxes_lemuel
D:7:      layout_rooms, tgw_xom, temple_pool_b
D:8:      layout_loops_ring, nicolae_ru_great_annihilating_truth, basic_altar,
          uniq_gastronok
Temple:   nicolae_temple_god_jail

Skill      XL: |  1  2  3  4  5  6  7  8  9 |
---------------+----------------------------+-----
Stealth        | 3 |  3.1
Dodging        | 3 |  3.0
Spellcasting   | 4 5 6 7 8 9 10 | 10.3
Conjurations   | 5 6 7 8 9 |  9.4
Hexes          | 1 4 6 |  6.1
Translocations | 1 4 5 |  5.0
Fighting       | 1 |  1.9

Action                   |  1- 3 |  4- 6 |  7- 9 || total
-------------------------+-------+-------+-------++-------
Melee: Dagger            |       |     6 |     1 ||     7
Throw: Dart              |     1 |       |       ||     1
 Cast: Magic Dart        |    78 |    57 |    71 ||   206
       Searing Ray       |     5 |    34 |    40 ||    79
       Fulminant Prism   |       |     1 |    42 ||    43
  Use: Scroll            |       |       |    11 ||    11
  Eat: Chunk             |     3 |     7 |    17 ||    27
Armor: Robe              |       |     2 |     9 ||    11
Dodge: Dodged            |     4 |    13 |    20 ||    37

Table legend:
 A = Non-vault XP
 B = Vault XP
 C = Vault XP percentage of total XP
 D = Non-vault monster count
 E = Vault monster count
 F = Vault count percentage of total count
                 A         B        C        D         E       F
            +---------+---------+-------+---------+---------+-------
      Total |    3125 |     982 |  23.9 |     170 |      18 |   9.6
            +---------+---------+-------+---------+---------+-------
        D:1 |      50 |       0 |   0.0 |      26 |       0 |   0.0
        D:2 |      68 |       0 |   0.0 |      20 |       0 |   0.0
        D:3 |     155 |     112 |  41.9 |      33 |       3 |   8.3
        D:4 |     380 |     315 |  45.3 |      22 |       3 |  12.0
        D:5 |      94 |       0 |   0.0 |       6 |       0 |   0.0
        D:6 |    1021 |     510 |  33.3 |      19 |       9 |  32.1
        D:7 |    1152 |       0 |   0.0 |      37 |       0 |   0.0
        D:8 |     205 |      45 |  18.0 |       7 |       3 |  30.0
            +---------+---------+-------+---------+---------+-------
